 Dungeon Crawl Stone Soup version 0.27-a0-492-ga4bb394fd4 (webtiles) character file.

Game seed: 15286909040410912603

968 Nattfarinn the Transmogrifier (level 8, -10/48 HPs)
             Began as an Octopode Transmuter on Mar 2, 2021.
             Was a Believer of Cheibriados.
             Mangled by an orc warrior
             ... wielding a +0 short sword
              (19 damage)
             ... on level 6 of the Dungeon.
             The game lasted 00:07:49 (6381 turns).

Nattfarinn the Transmogrifier (Octopode Transmuter) Turns: 6381, Time: 00:07:49

Health: -10/48     AC:  2    Str: 20    XL:     8   Next: 16%
Magic:  9/11       EV: 20    Int: 23    God:    Cheibriados [**....]
Gold:   218        SH:  0    Dex: 22    Spells: 2/11 levels left

rFire    . . .     SeeInvis .     - Unarmed
rCold    + . .     Faith    .   (shield currently unavailable)
rNeg     . . .     Spirit   .   (helmet currently unavailable)
rPois    x         Reflect  .   (no amulet)
rElec    .         Harm     .   c - ring of protection from cold
rCorr    .         Rampage  .   t - +6 ring of strength
Will     .....                  (no ring)
Stlth    ++........             (no ring)
HPRegen  0.16/turn              (no ring)
MPRegen  0.12/turn              (no ring)
                                (no ring)
                                (no ring)

@: spider-form (expiring), very slow
A: tiny, almost no armour, stealthy swim, (amphibious), 8 rings, (constrict 8)
a: End Transformation, Renounce Religion, Bend Time


You were on level 6 of the Dungeon.
You worshipped Cheibriados.
Cheibriados was pleased with you.
You were a venomous arachnid creature.
You visited 1 branch of the dungeon, and saw 6 of its levels.

You collected 263 gold pieces.
You spent 45 gold pieces at shops.

Inventory:

Armour
 u - a +0 kite shield
Jewellery
 c - a ring of protection from cold (left front leg)
 t - a +6 ring of strength (right front leg)
Wands
 r - a wand of acid (5)
Scrolls
 b - 4 scrolls of identify {unknown}
 g - 2 scrolls of enchant weapon {unknown}
 j - 2 scrolls of magic mapping {unknown}
 l - 4 scrolls of amnesia {unknown}
 m - 2 scrolls of teleportation {unknown}
 o - 2 scrolls of fog {unknown}
 q - a scroll of enchant armour {unknown}
 s - a scroll of blinking {unknown}
Potions
 a - 2 potions of degeneration {unknown}
 d - a potion of resistance {unknown}
 e - a potion of brilliance {unknown}
 f - a potion of heal wounds {unknown}
 h - a potion of lignification {unknown}
 i - a potion of attraction {unknown}
 k - a potion of flight {unknown}
 n - a potion of mutation {unknown}
 p - a potion of might {unknown}
 v - a potion of invisibility {unknown}
 w - a potion of curing {unknown}


   Skills:
 - Level 1.0 Fighting
 - Level 2.0 Dodging
 - Level 3.0 Unarmed Combat
 - Level 2.0 Spellcasting
 + Level 9.4 Transmutations


You had 2 spell levels left.
You knew the following spells:

 Your Spells              Type           Power        Failure   Level
a - Beastly Appendage     Tmut           90%          2%          1
b - Spider Form           Tmut/Pois      11%          16%         3
c - Blade Hands           Tmut           22%          21%         5

Your spell library contained the following spells:

 Spells                   Type           Power        Failure   Level
 Wereblood                Tmut           45%          3%          2
 Animate Skeleton         Necr           4%           30%         1
 Apportation              Tloc           4%           30%         1
 Corona                   Hex            2%           30%         1
 Summon Small Mammal      Summ           8%           30%         1
 Ice Form                 Ice/Tmut       23%          38%         4
 Petrify                  Tmut/Erth      23%          38%         4
 Confusing Touch          Hex            2%           58%         3
 Gell's Gravitas          Tloc           1%           58%         3
 Yara's Violent Unravell  Hex/Tmut       11%          67%         5
 Metabolic Englaciation   Hex/Ice        1%           99%         5


Dungeon Overview and Level Annotations

Branches:
Dungeon (6/15)             Temple (0/1) D:5

Altars:
Cheibriados
Fedhas
Gozag
Makhleb
Qazlal
Zin

Shops:
D:4 [[*


Innate Abilities, Weirdness & Mutations

You cannot wear most types of armour.
You are very stealthy in the water. (Stealth+)
((You are amphibious.))
You can wear up to eight rings at the same time.
((You can use your tentacles to constrict eight enemies at once.))
((Your skin changes colour to match your surroundings (Stealth+).))
((Your rubbery body absorbs attacks. (AC +1, EV +1)))


Message History

The orc shouts!
You hit the orc wizard.
The orc wizard is poisoned.
The orc wizard is lightly wounded.
You closely miss the orc wizard.
The orc wizard is moderately wounded.
The orc wizard gestures at you while chanting.
You resist with some effort.
You hit the orc wizard.
The orc wizard is almost dead.
The orc warrior completely misses you.
You hit the orc warrior but do no damage.
The orc warrior is poisoned.
The orc wizard casts a spell at you. You resist with some effort.
The orc warrior hits you with a +0 short sword.
You hit the orc warrior but do no damage.
The orc warrior looks even sicker.
You kill the orc wizard!
Cheibriados appreciates the change of pace.
The orc warrior hits you with a +0 short sword!
You hit the orc warrior but do no damage.
You hit the orc but do no damage.
The orc is poisoned.
The orc warrior misses you. The orc closely misses you.
You hit the orc warrior but do no damage.
The orc warrior looks as sick as possible!
The orc warrior is lightly wounded.
You kill the orc!
Cheibriados thoroughly appreciates the change of pace.
The orc warrior misses you.
You bite the orc!
You kill the orc!
Cheibriados thoroughly appreciates the change of pace.
The orc warrior hits you with a +0 short sword!
You barely miss the orc warrior.
The orc warrior is moderately wounded.
The orc warrior hits you with a +0 short sword!
* * * LOW HITPOINT WARNING * * *
Your transformation is almost over.
The orc warrior hits you with a +0 short sword!!
You die...

# ##.## #####.....
..##.##o...<# .####.
......)os.### ......
...######...##.#....
#................
#.......#...#####
....#######.....#
..# ##...###.... #.#
##..### ### #.#
#..## #.# #.##


You could see an orc warrior (extremely poisoned) and an orc.

Vanquished Creatures
  An ogre (D:4)
  2 centaurs
  Blork the orc (D:4)
  A bullfrog (D:6)
  2 hounds
  2 orc priests
  Terence (D:3)
  6 orc wizards
  Natasha (thrice) (D:3)
  3 worker ants
  A killer bee zombie (D:6)
  4 adders
  An adder skeleton (D:4)
  A worm (D:3)
  3 dart slugs
  4 leopard geckos
  15 orcs
  2 ball pythons
  2 giant cockroaches
  3 goblins
  6 hobgoblins
  11 jackals
  4 quokkas
  9 bats
  4 frilled lizards
  A jackal skeleton (D:6)
  6 kobolds
  A leopard gecko zombie (D:5)
  A quokka skeleton (D:5)
  5 rats
106 creatures vanquished.

Notes
Turn   | Place    | Note
-------+----------+-------------------------------------------
     0 | D:1      | Nattfarinn the Octopode Transmuter began the quest for the
                  | Orb.
     0 | D:1      | Reached XP level 1. HP: 13/13 MP: 3/3
   209 | D:1      | Reached XP level 2. HP: 14/18 MP: 5/5
   292 | D:1      | Reached skill level 3 in Transmutations
   626 | D:1      | Reached XP level 3. HP: 18/23 MP: 6/6
  1816 | D:2      | Found a stormy altar of Qazlal.
  2425 | D:3      | Reached skill level 4 in Transmutations
  2590 | D:3      | Reached XP level 4. HP: 23/28 MP: 7/7
  2687 | D:3      | Noticed Terence
  2693 | D:3      | Learned a level 3 spell: Spider Form
  2772 | D:3      | Killed Terence
  2932 | D:3      | Found a snail-covered altar of Cheibriados.
  2940 | D:3      | Became a worshipper of Cheibriados the Contemplative
  3134 | D:3      | Noticed Natasha
  3138 | D:3      | Killed Natasha
  3139 | D:3      | Reached skill level 5 in Transmutations
  3139 | D:3      | Reached XP level 5. HP: 33/33 MP: 4/8
  3507 | D:3      | Found a burning altar of Makhleb.
  3702 | D:3      | Noticed Natasha
  3711 | D:3      | Killed Natasha
  3783 | D:3      | Noticed Natasha
  3789 | D:3      | Killed Natasha
  3931 | D:4      | Noticed Blork the orc
  3943 | D:4      | Killed Blork the orc
  3943 | D:4      | Reached * piety under Cheibriados
  3944 | D:4      | Reached skill level 6 in Transmutations
  3944 | D:4      | Reached XP level 6. HP: 23/38 MP: 6/9
  4265 | D:4      | Found Rupsent's Armour Shoppe.
  4277 | D:4      | Bought a +0 kite shield for 45 gold pieces
  4350 | D:4      | Learned a level 5 spell: Blade Hands
  4404 | D:4      | Reached skill level 7 in Transmutations
  4404 | D:4      | Reached XP level 7. HP: 43/43 MP: 6/10
  4502 | D:4      | Found a glowing silver altar of Zin.
  4502 | D:4      | Found an opulent altar of Gozag.
  4802 | D:4      | Found Netirhan's General Store.
  5002 | D:4      | Found a blossoming altar of Fedhas.
  5119 | D:4      | Found Xodwov's Antique Armour Shoppe.
  5204 | D:5      | Entered Level 5 of the Dungeon
  5206 | D:5      | Found a staircase to the Ecumenical Temple.
  5310 | D:5      | Reached skill level 8 in Transmutations
  5382 | D:5      | Reached ** piety under Cheibriados
  6063 | D:6      | Reached skill level 9 in Transmutations
  6063 | D:6      | Reached XP level 8. HP: 22/48 MP: 8/11
  6381 | D:6      | Mangled by an orc warrior

Illustrated notes

Levels and vault maps discovered:
D:1:      erik_arrival_triangle_small, layout_loops_ring, chequers_big_river
D:2:      layout_loops_corners, lemuel_crystal_altar
D:3:      layout_basic, marbit_many_paths, overflow_temple_1_default,
          hangedman_decor_opposing, uniq_natasha, uniq_terence
D:4:      layout_loops_ring, grunt_temple_overflow_gold_and_silver,
          fedhas_altar_fruit_tree, serial_shops, nicolae_shop_behind_doors,
          kennysheep_little_box, nicolae_shop_waterfront, uniq_blork_the_orc
D:5:      layout_basic, minmay_temple_entry_drinking_statues
D:6:      layout_rooms

Skill      XL: |  1  2  3  4  5  6  7 |
---------------+----------------------+-----
Transmutations | 3 4 5 6 7 9 |  9.4
Fighting       | |  1.0
Dodging        | |  2.0
Unarmed Combat | |  3.0
Spellcasting   | |  2.0

Action                   |  1- 3 |  4- 6 |  7- 9 || total
-------------------------+-------+-------+-------++-------
Melee: Unarmed           |   109 |    90 |   106 ||   305
       Constrict         |    31 |    10 |     5 ||    46
       Tentacles         |    14 |     3 |     2 ||    19
       Punch             |     2 |       |     1 ||     3
 Cast: Spider Form       |       |     9 |     9 ||    18
Evoke: Wand              |       |       |     1 ||     1
 Stab: Sleeping          |     6 |     2 |     2 ||    10
Armor: Skin              |     9 |     1 |     2 ||    12
Dodge: Dodged            |    79 |    73 |    72 ||   224

Table legend: (Time is in decaauts)
 A = Elapsed time spent in this place.
 B = Non-inter-level travel time spent in this place.
 C = Inter-level travel time spent in this place.
 D = Time resting spent in this place.
 E = Time spent auto-exploring this place.
 F = Levels seen in this place.
 G = Mean time per level.
                   A        B        C        D        E       F      G
               +--------+--------+--------+--------+--------+-----+--------+
         Total |   7021 |   6911 |    110 |    896 |   5306 |   6 | 1170.2 |
       Dungeon |   7021 |   6911 |    110 |    896 |   5306 |   6 | 1170.2 |
               +--------+--------+--------+--------+--------+-----+--------+

Top non-repeatable levels by time:
     D:3: 1906 daAuts
     D:4: 1570 daAuts
     D:1: 1124 daAuts
     D:5: 1036 daAuts
     D:2: 1022 daAuts
     D:6: 361 daAuts
